 Dungeon Crawl Stone Soup version 0.25.1-2-g60ff931df9 (webtiles) character file.

Game seed: 357643920012270078

29 diana the Slasher (level 3, 28/28 HPs)
             Began as a Demonspawn Gladiator on Sept 13, 2020.
             Quit the game on level 1 of the Dungeon.
             The game lasted 00:01:39 (734 turns).

diana the Slasher (Demonspawn Gladiator)             Turns: 734, Time: 00:01:39

Health: 28/28      AC:  4    Str: 15    XL:     3   Next: 1%
Magic:  3/3        EV: 12    Int:  9    God:
Gold:   46         SH:  0    Dex: 14    Spells: 2/2 levels left

rFire    . . .     SeeInvis .   a - +0 long sword
rCold    . . .     Gourm    .   (no shield)
rNeg     . . .     Faith    .   b - +0 leather armour
rPois    .         Spirit   +   c - +0 helmet
rElec    .         Reflect  .   (no cloak)
rCorr    .         Harm     .   (no gloves)
MR       .....                  (no boots)
Stlth    ++........             (no amulet)
HPRegen  0.09/turn              (no ring)
MPRegen  0.08/turn              (no ring)

@: no status effects
A: nightstalker 1, magic shield
a: no special abilities


You were on level 1 of the Dungeon.
You were not hungry.

You visited 1 branch of the dungeon, and saw 1 of its levels.

You collected 46 gold pieces.

Inventory:

Hand Weapons
 a - a +0 long sword (weapon)
Missiles
 d - 3 throwing nets (quivered)
Armour
 b - a +0 leather armour (worn)
 c - a +0 helmet (worn)
Scrolls
 i - 2 scrolls of remove curse {unknown}
 l - a scroll of identify {unknown}
Potions
 e - a potion of curing {unknown}
 h - 2 potions of stabbing {unknown}
 j - a potion of heal wounds {unknown}
 k - a potion of flight {unknown}
Comestibles
 f - 2 rations
 g - 5 chunks of flesh


   Skills:
 + Level 2.5 Fighting
 + Level 3.1 Long Blades
 - Level 1.7 Throwing
 + Level 1.1 Armour
 - Level 2.6 Dodging


You had 2 spell levels left.
You didn't know any spells.
Your spell library was empty.

Dungeon Overview and Level Annotations

Branches:
Dungeon (1/15)

Altars:


Innate Abilities, Weirdness & Mutations

You are slightly more attuned to the shadows.
When hurt, damage is shared between your health and your magic reserves.


Message History

You barely miss the leopard gecko. The leopard gecko barely misses you.
A leopard gecko is nearby!
You barely miss the leopard gecko.
The leopard gecko bites you but does no damage.
The leopard gecko barely misses you.
You slash the leopard gecko!
You kill the leopard gecko!
You have reached level 3!
Your experience leads to an increase in your attributes!
Increase (S)trength, (I)ntelligence, or (D)exterity?
You feel stronger.
Your demonic ancestry asserts itself...
You slip into the darkness of the dungeon.
No target in view!
You now have 46 gold pieces (gained 7).
You butcher the leopard gecko corpse.
g - 7 chunks of flesh (gained 2)
You see here a leopard gecko skeleton. x2
Some of the chunks of flesh in your inventory have rotted away.
A rat comes into view.
Found a stone staircase leading down.
Are you sure you want to abandon this character and quit the game? (Confirm with "yes".)

#....... ......r
..... .... ..#
#.## #@.# ##.#
## #.# . #.# ##
#.# # #.
######.#########
#.##.
#...............
.....
#........#######
#.#..
#........## #.#
#


You could see a rat.

Vanquished Creatures
  2 dart slugs (D:1)
  A leopard gecko (D:1)
  A bat (D:1)
  5 giant cockroaches (D:1)
  3 goblins (D:1)
  A hobgoblin (D:1)
  3 kobolds (D:1)
  A frilled lizard (D:1)
  6 rats (D:1)
23 creatures vanquished.

Notes
Turn   | Place    | Note
-------+----------+-------------------------------------------
     0 | D:1      | diana the Demonspawn Gladiator began the quest for the Orb.
     0 | D:1      | Reached XP level 1. HP: 16/16 MP: 1/1
   240 | D:1      | Gained mutation: When hurt, damage is shared between your
                  | health and your magic reserves. [demonic ancestry]
   240 | D:1      | Reached XP level 2. HP: 22/22 MP: 2/2
   379 | D:1      | Reached skill level 3 in Long Blades
   379 | D:1      | Reached skill level 1 in Armour
   718 | D:1      | Gained mutation: You are slightly more attuned to the
                  | shadows. [demonic ancestry]
   718 | D:1      | Reached XP level 3. HP: 28/28 MP: 3/3
   734 | D:1      | Quit the game

Illustrated notes

Levels and vault maps discovered:
D:1:      scummos_arrival_simple_crosswalls, layout_rooms,
          hangedman_abyss_or_decor_lesser_grid, minmay_octomino_j4

Skill      XL: |  1  2 |
---------------+-------+-----
Long Blades    | 3 |  3.1
Armour         | 1 |  1.1
Fighting       | |  2.5
Throwing       | |  1.7
Dodging        | |  2.6

Action                   || total
-------------------------++-------
Melee: Long sword        ||    68
 Stab: Sleeping          ||     3
Armor: Leather armour    ||    22
Dodge: Dodged            ||    77
       Rpst.: Long sword ||    21
